 Dungeon Crawl Stone Soup version 0.29.1-12-g30fa7ad0bf (webtiles) character file.

Game seed: 6478570502561891790

70 Linkola the Magician (level 4, 0/24 HPs)
             Began as a Deep Elf Air Elementalist on Dec 13, 2022.
             Slain by a goblin
             ... wielding a +0 club
             ... led by Robin
              (4 damage)
             ... on level 3 of the Dungeon.
             The game lasted 00:05:47 (2679 turns).

Linkola the Magician (Deep Elf Air Elementalist)    Turns: 2679, Time: 00:05:48

Health: 0/24       AC:  4    Str:  5    XL:     4   Next: 4%
Magic:  3/12       EV: 13    Int: 22    God:
Gold:   216        SH:  0    Dex: 15    Spells: 5/11 levels left

rFire   . . .      SeeInvis .   (no weapon)
rCold   . . .      Faith    +   (no shield)
rNeg    + . .      Spirit   .   a - +1 robe
rPois   .          Reflect  .   (no helmet)
rElec   .          Harm     .   (no cloak)
rCorr   .          Rampage  .   c - +0 pair of gloves
Will    .....                   (no boots)
Stlth   ++........              e - amulet of faith
HPRegen 0.08/turn               f - ring of positive energy
MPRegen 0.13/turn               (no ring)

@: no status effects
A: no striking features
a: no special abilities


You were on level 3 of the Dungeon.
You visited 1 branch of the dungeon, and saw 3 of its levels.

You collected 216 gold pieces.

Inventory:

Armour
 a - a +1 robe (worn)
 c - a +0 pair of gloves (worn)
Jewellery
 e - an amulet of faith (around neck)
 f - a ring of positive energy (left hand)
Potions
 b - a potion of magic
 d - a potion of curing
 h - a potion of degeneration {unknown}
 i - a potion of flight {unknown}
 j - a potion of berserk rage {unknown}


   Skills:
 + Level 2.7 Dodging
 + Level 2.5 Stealth
 + Level 4.0 Spellcasting
 + Level 1.4 Conjurations
 + Level 3.7 Air Magic
 * Level 1.8 Evocations


You had 5 spell levels left.
You knew the following spells:

 Your Spells              Type           Power      Damage    Failure   Level
a - Shock                 Conj/Air       60%        1d6       3%          1
b - Static Discharge      Conj/Air       15%        3-5/arc   6%          2
c - Swiftness             Air            20%        N/A       8%          3

Your spell library contained the following spells:

 Spells                   Type           Power      Damage    Failure   Level
 Airstrike                Air            10%        2d(2-18)  24%         4


Dungeon Overview and Level Annotations

Branches:
Dungeon (3/15)

Altars:
Vehumet
The Shining One

Shops:
D:3 [

Annotations:
D:3 exclusion: statue, Robin


Message History

A goblin comes into view. It is wielding a +0 club.
Robin throws the goblin at you!
You barely miss the goblin. The goblin barely misses you.
The goblin misses you.
Robin points. "Kill!"
You barely miss the goblin.
The goblin hits you but does no damage. x2
You closely miss the goblin. The goblin hits you with a +0 club.
The goblin closely misses you.
Robin roars a battlecry!
The goblin goes into a battle-frenzy!
You hear a shout! x2; You hear an angry hiss.
You hit the goblin.
The goblin is heavily wounded.
The goblin closely misses you.
A hobgoblin comes into view.
Robin says, "Feeling lonely?"
The goblin hits you with a +0 club.
You hit the goblin.
You kill the goblin!
The goblin hits you with a +0 club. The goblin hits you with a +0 club.
Things that are here:
a +0 club; a goblin corpse The goblin hits you but does no damage.
The goblin attacks as you move away! The goblin closely misses you.
Robin roars a battlecry!
You hear a shout!
The goblin attacks as you move away! The goblin hits you with a +0 club.
* * * LOW HITPOINT WARNING * * *
Robin roars a battlecry!
You hear a shout!
The goblin hits you with a +0 club.
* * * LOW HITPOINT WARNING * * *
Robin attacks as you move away! Robin barely misses you.
A hobgoblin comes into view.
Robin roars a battlecry!
The hobgoblin goes into a battle-frenzy!
The goblin no longer looks unusually strong.
The goblin attacks as you move away! The goblin hits you with a +0 club.
You die...

#.......#
#.....#####)##
#...g).)).....
#...#######.##
#.......# #.#
#g.####.# #.# #g.#
#.# #.# #g.# #.#
#.# #@.## #.# #.#
#>..###.###.###
##.............#
#............#.####
##.####...)........
### ####.#.######
#.#.# #.#.# #.#.#


You could see Robin, 2 hobgoblins and a goblin.

Vanquished Creatures
  2 adders
  A worm (D:2)
  A dart slug (D:2)
  3 endoplasms
  6 goblins (D:3)
  8 hobgoblins
  7 jackals
  3 kobolds
  3 ball pythons
  3 bats
  3 frilled lizards
  4 rats
44 creatures vanquished.

Notes
Turn   | Place    | Note
-------+----------+-------------------------------------------
     0 | D:1      | Linkola the Deep Elf Air Elementalist began the quest for
                  | the Orb.
     0 | D:1      | Reached XP level 1. HP: 10/10 MP: 6/6
   939 | D:1      | Reached XP level 2. HP: 15/15 MP: 6/8
   942 | D:1      | Learned a level 2 spell: Static Discharge
  1381 | D:2      | Reached skill level 1 in Evocations
  1524 | D:2      | Reached XP level 3. HP: 19/19 MP: 6/10
  1529 | D:2      | Learned a level 3 spell: Swiftness
  1784 | D:2      | Found a faded altar of an unknown god.
  2252 | D:3      | Found a glowing golden altar of the Shining One.
  2360 | D:3      | Found Yjeb's Antique Armour Emporium.
  2392 | D:3      | Reached skill level 4 in Spellcasting
  2469 | D:3      | Found a radiant altar of Vehumet.
  2469 | D:3      | Noticed a charred statue
  2659 | D:3      | Noticed Robin
  2660 | D:3      | Reached XP level 4. HP: 24/24 MP: 3/12
  2679 | D:3      | Slain by a goblin

Illustrated notes

Levels and vault maps discovered:
D:1:      giann_bridges, layout_basic
D:2:      layout_rooms, hellmonk_ecumenical_altar_crossroads,
          minmay_misc_feat_tower, dreamdust_wishing_well, serial_park_tiny_pond
D:3:      layout_loops_ring, vehumet_statue,
          mainiacjoe_overflow_concentric_impassable, serial_shops, shop,
          uniq_robin

Skill      XL: |  1  2  3 |
---------------+----------+-----
Evocations     | 1 |  1.8
Spellcasting   | 4 |  4.0
Dodging        | |  2.7
Stealth        | |  2.5
Conjurations   | |  1.4
Air Magic      | |  3.7

Action                   |  1- 3 |  4- 6 || total
-------------------------+-------+-------++-------
Melee: Unarmed           |     5 |     5 ||    10
 Cast: Shock             |    90 |     2 ||    92
       Static Discharge  |     8 |       ||     8
  Use: Scroll            |     7 |       ||     7
Armor: Robe              |     5 |     4 ||     9
Dodge: Dodged            |    19 |     7 ||    26
